 Dungeon Crawl Stone Soup version 0.29-a0-920-g5d2155ec51 (webtiles) character file.

Game seed: 15084532640790366325

149 Elmgren the Stinger (level 5, -4/45 HPs)
             Began as an Ogre Venom Mage on July 27, 2022.
             Succumbed to a scorpion's poison
             ... on level 4 of the Dungeon.
             The game lasted 00:26:04 (9994 turns).

Elmgren the Stinger (Ogre Venom Mage)               Turns: 9994, Time: 00:26:05

Health: -4/45      AC:  4    Str: 12    XL:     5   Next: 31%
Magic:  8/10       EV:  9    Int: 24    God:
Gold:   153        SH:  0    Dex:  9    Spells: 5/11 levels left

rFire   . . .      SeeInvis .   d - staff of earth
rCold   . . .      Faith    .   (no shield)
rNeg    . . .      Spirit   .   a - +1 robe
rPois   .          Reflect  .   (helmet restricted)
rElec   .          Harm     .   (no cloak)
rCorr   .          Rampage  .   (gloves unavailable)
Will    .....                   (boots unavailable)
Stlth   ++........              (no amulet)
HPRegen 0.15/turn               h - +6 ring of intelligence
MPRegen 0.12/turn               (no ring)

@: lethally poisoned (-4 -> -28)
A: large, unfitting armour, tough skin 1
a: no special abilities


You were on level 4 of the Dungeon.
You visited 1 branch of the dungeon, and saw 4 of its levels.

You collected 153 gold pieces.

Inventory:

Armour
 a - a +1 robe (worn)
Magical Staves
 d - a staff of earth (weapon)
Jewellery
 h - a +6 ring of intelligence (left hand)
 j - a +6 ring of dexterity
Scrolls
 e - 3 scrolls of blinking
 l - 2 scrolls of enchant weapon
 n - 2 scrolls of teleportation
Potions
 b - 2 potions of magic
 c - a potion of attraction
 f - a potion of lignification {unknown}
 g - a potion of heal wounds {unknown}
 i - 2 potions of brilliance {unknown}
 k - a potion of curing {unknown}
 m - a potion of resistance {unknown}


   Skills:
 - Level 1.7 Dodging
 + Level 2.3 Stealth
 + Level 3.5 Spellcasting
 + Level 2.4 Transmutations
 + Level 3.5 Poison Magic


You had 5 spell levels left.
You knew the following spells:

 Your Spells              Type           Power      Damage    Failure   Level
a - Sting                 Tmut/Pois      72%        1d6       3%          1
b - Poisonous Vapours     Pois/Air       24%        N/A       8%          2
c - Mephitic Cloud        Conj/Pois/Air  9%         N/A       19%         3

Your spell library contained the following spells:

 Spells                   Type           Power      Damage    Failure   Level
 Wereblood                Tmut           15%        N/A       6%          2
 Apportation              Tloc           8%         N/A       11%         1
 Necrotise                Necr           16%        1d4       11%         1
 Summon Small Mammal      Summ           16%        N/A       11%         1
 Scorch                   Fire           8%         2d5       16%         2
 Sublimation of Blood     Necr           4%         N/A       16%         2
 Olgreb's Toxic Radiance  Pois           21%        N/A       24%         4
 Gell's Gravitas          Tloc           4%         N/A       30%         3
 Teleport Other           Tloc           4%         N/A       30%         3
 Flame Wave               Conj/Fire      4%         2d5       71%         4
 Dispersal                Tloc           2%         N/A       100%        6
 Summon Cactus Giant      Summ           2%         N/A       100%        6
 Summon Hydra             Summ           2%         N/A       100%        7


Dungeon Overview and Level Annotations

Branches:
Dungeon (4/15)
 Temple: D:4-7

Altars:
Trog


Innate Abilities, Weirdness & Mutations

You are too large for most types of armour.
You have tough skin. (AC +1)


Message History

Confirm with . or Enter, or press ? or * to list all spells.
Aiming: Sting (safe; 3% risk of failure)
Press: ? - help, Shift-Dir - straight line, f/p - scorpion
Aim: a scorpion (74% to hit)
The sting hits the scorpion but does no damage.
The scorpion is poisoned.
You feel sick. The scorpion stings you!
You feel sick.
The scorpion stings you but does no damage.
You feel sick.
There is an open door here.
The scorpion attacks as you move away! The scorpion stings you!
You are more poisoned.
The scorpion poisons you!
You feel very sick.
Casting: Sting (safe; 3% risk of failure)
Confirm with . or Enter, or press ? or * to list all spells.
Aiming: Sting (safe; 3% risk of failure)
Press: ? - help, Shift-Dir - straight line, f/p - scorpion
Aim: a scorpion (moderately wounded, poisoned, 74% to hit)
The sting hits the scorpion.
The scorpion looks even sicker.
The scorpion is heavily wounded.
You feel very sick. The scorpion stings you.
You are lethally poisoned!
The scorpion poisons you!
* * * LOW HITPOINT WARNING * * *
You feel very sick.
* * * LOW HITPOINT WARNING * * *
You feel very sick. The scorpion stings you.
* * * LOW HITPOINT WARNING * * *
You are more poisoned.
The scorpion poisons you!
Casting: Sting (safe; 3% risk of failure)
Confirm with . or Enter, or press ? or * to list all spells.
Aiming: Sting (safe; 3% risk of failure)
Press: ? - help, Shift-Dir - straight line, f/p - scorpion
Aim: a scorpion (almost dead, very poisoned, 74% to hit)
The sting misses the scorpion.
You die...

#####..#
#...$..#
#.####.# #.# #
#.# ####'##
######.....#
#<.......s.#
#........@.#
#..........#
###..........#
#...†........#
#.######.....#
#......###.###
######.#<#.#
#.#.#.# #.#.#


You could see a scorpion (very poisoned).

Vanquished Creatures
  4 gnolls
  2 adders
  3 worms (D:2)
  A dart slug (D:1)
  8 orcs
  3 ball pythons
  8 endoplasms
  3 giant cockroaches
  5 goblins
  5 hobgoblins
  6 jackals
  2 quokkas (D:3)
  12 bats
  3 frilled lizards
  3 kobolds
  3 rats
71 creatures vanquished.

Notes
Turn   | Place    | Note
-------+----------+-------------------------------------------
     0 | D:1      | Elmgren the Ogre Venom Mage began the quest for the Orb.
     0 | D:1      | Reached XP level 1. HP: 16/16 MP: 3/3
   212 | D:1      | Reached skill level 1 in Transmutations
   787 | D:1      | Reached XP level 2. HP: 20/24 MP: 3/5
  1525 | D:1      | Reached XP level 3. HP: 20/31 MP: 0/7
  3376 | D:1      | Learned a level 2 spell: Poisonous Vapours
  3710 | D:2      | Found a faded altar of an unknown god.
  3812 | D:2      | Found a bloodstained altar of Trog.
  4112 | D:2      | Reached XP level 4. HP: 39/39 MP: 3/8
  7798 | D:3      | Reached XP level 5. HP: 40/45 MP: 4/10
  9221 | D:3      | Learned a level 3 spell: Mephitic Cloud
  9993 | D:4      | HP: 1/45 [scorpion (3)]
  9994 | D:4      | Succumbed to a scorpion's poison

Illustrated notes

Levels and vault maps discovered:
D:1:      dpeg_arrival_radiant, layout_basic, patterned_corridor
D:2:      layout_basic, hellmonk_ecumenical_altar_crossroads, basic_altar
D:3:      layout_loops_cross
D:4:      layout_basic, minmay_temple_entry_ruins, grunt_ministairs_12

Skill      XL: |  1  2  3  4 |
---------------+-------------+-----
Transmutations | 1 2 |  2.4
Poison Magic   | 3 |  3.5
Spellcasting   | 3 |  3.5
Stealth        | 2 |  2.3
Dodging        | |  1.7

Action                   |  1- 3 |  4- 6 || total
-------------------------+-------+-------++-------
 Cast: Sting             |    80 |    64 ||   144
       Poisonous Vapours |     1 |    15 ||    16
       Mephitic Cloud    |       |     4 ||     4
  Use: Scroll            |     3 |     3 ||     6
Armor: Robe              |    12 |    38 ||    50
Dodge: Dodged            |    24 |    41 ||    65

Table legend: (Time is in decaauts)
 A = Elapsed time spent in this place.
 B = Non-inter-level travel time spent in this place.
 C = Inter-level travel time spent in this place.
 D = Time resting spent in this place.
 E = Time spent auto-exploring this place.
 F = Levels seen in this place.
 G = Mean time per level.
                   A        B        C        D        E       F      G
               +--------+--------+--------+--------+--------+-----+--------+
         Total |   9994 |   9921 |     73 |   6945 |   1565 |   4 | 2498.5 |
       Dungeon |   9994 |   9921 |     73 |   6945 |   1565 |   4 | 2498.5 |
               +--------+--------+--------+--------+--------+-----+--------+

Top non-repeatable levels by time:
     D:1: 4305 daAuts
     D:2: 2973 daAuts
     D:3: 2524 daAuts
     D:4: 190 daAuts
